 Dungeon Crawl Stone Soup version 0.19-a0-36-g4a0968a (webtiles) character file.

38458188 M4edhros the Hoplite (level 27, 149/149 HPs)
             Began as an Octopode Necromancer on May 4, 2016.
             Was the Champion of Cheibriados.
             Escaped with the Orb
             ... and 15 runes!
             The game lasted 05:14:18 (38152 turns).

M4edhros the Hoplite (Octopode Necromancer)        Turns: 38152, Time: 05:14:19

Health: 149/149    AC: 13    Str: 40    XL:     27
Magic:  51/51      EV: 40    Int: 28    God:    Cheibriados [******]
Gold:   4635       SH: 34    Dex: 37    Spells: 12 memorised, 3 levels left

rFire  + + .     SeeInvis +       - Unarmed
rCold  + + +     Gourm    .     q - +3 large shield {reflect}
rNeg   + + +     Faith    .     A - +3 crown of Dyrovepreva {rElec Int+2 SInv}
rPois  .         Spirit   .     d - amulet of regeneration
rElec  +         Dismiss  .     W - ring of the Coward {rN+ MR+ Slay+3}
rCorr  .         Reflect  +     p - +4 ring of protection
SustAt .         Harm     .     w - ring of Xom's Whimsicality {rN+ Str+4}
MR     ++++.     Rnd*Tele +     C - ring of the Median {+Fly rC++ Str+3 Int-5 Dex+3}
Stlth  +++.......               o - ring of Ofucism {+Fly rElec rN+ MP+9}
                                J - ring "Qiofen" {+Blink +Inv rF+ AC-2 Str-2}
                                r - +6 ring of strength
                                R - ring "Xiocemadgh" {rF+ Str+7 Stlth+}

@: studying Spellcasting, very slow, incredibly resistant to hostile
enchantments, fairly stealthy
A: almost no armour, amphibious, 8 rings, constrict 8, beak, iridescent scales
1, molten scales 1, slimy green scales 1, camouflage 1, blurry vision 2, clumsy
2, cold resistance 1, dopey 1, frail 3, magic resistance 1, regeneration 1,
screaming 3, electricity resistance, teleportitis 2, weak 1, gelatinous body 1,
subdued magic 2
a: Bend Time, Temporal Distortion, Slouch, Step From Time, Renounce Religion,
Evoke Blink, Evoke Invisibility, Evoke Flight
0: Orb of Zot
}: 15/15 runes: decaying, slimy, silver, golden, iron, obsidian, icy, bone,
abyssal, demonic, glowing, magical, fiery, dark, gossamer


You escaped.
You worshipped Cheibriados.
Cheibriados was exalted by your worship.
You were near starving.

You visited 17 branches of the dungeon, and saw 92 of its levels.
You visited Pandemonium 2 times, and saw 40 of its levels.
You visited the Abyss 4 times.
You also visited: Labyrinth, Ossuary and Ice Cave.

You collected 8546 gold pieces.
You spent 3911 gold pieces at shops.

Inventory:

Missiles
 Z - 8 javelins of penetration (quivered)
Armour
 q - a +3 large shield of reflection (worn)
 A - the +3 crown of Dyrovepreva (worn) {rElec Int+2 SInv}
   (You found it on level 3 of the Elven Halls)

   It affects your intelligence (+2).
   It insulates you from electricity.
   It lets you see invisible.
Jewellery
 d - an amulet of regeneration (around mantle)
 m - an uncursed ring of wizardry
 o - the ring of Ofucism (on tentacle) {+Fly rElec rN+ MP+9}
   (You took it off a seraph in Pandemonium)

   [ring of flight]

   It insulates you from electricity.
   It protects you from negative energy.
   It affects your magic capacity (+9).
   It lets you fly.
 p - a +4 ring of protection (right tentacle)
 r - a +6 ring of strength (on tentacle)
 w - the ring of Xom's Whimsicality (on tentacle) {rN+ Str+4}
   (You found it on level 3 of the Crypt)

   [ring of positive energy]

   It affects your strength (+4).
   It protects you from negative energy.
 z - the amulet of Kil Kur {Reflect Int+8 SH+3}
   (You found it on level 7 of the Iron City of Dis)

   [amulet of reflection]

   It shields you and reflects attacks.
   It affects your intelligence (+8).
   It affects your SH (+3).
 C - the ring of the Median (on tentacle) {+Fly rC++ Str+3 Int-5 Dex+3}
   (You found it in a labyrinth)

   [ring of strength]

   It affects your strength (+3).
   It affects your intelligence (-5).
   It affects your dexterity (+3).
   It greatly protects you from cold.
   It lets you fly.
 E - a +3 ring of evasion {unknown}
 I - the ring "Conlion" {rF+ rC- rN+ Int+7 Dex+5, unknown}
   (You found it on level 3 of the Tomb of the Ancients)

   [ring of dexterity]

   It affects your intelligence (+7).
   It affects your dexterity (+5).
   It protects you from fire.
   It makes you vulnerable to cold.
   It protects you from negative energy.
 J - the ring "Qiofen" (on tentacle) {+Blink +Inv rF+ AC-2 Str-2}
   (You found it on level 6 of the Pits of Slime)

   [ring of protection]

   It affects your AC (-2).
   It affects your strength (-2).
   It protects you from fire.
   It lets you turn invisible.
   It lets you blink.
 L - the ring of Benel {*Drain rF+ MR++ Dex+6, unknown}
   (You found it on level 3 of the Tomb of the Ancients)

   [ring of protection from fire]

   It affects your dexterity (+6).
   It protects you from fire.
   It affects your resistance to hostile enchantments.
   It causes draining when unequipped.
 R - the ring "Xiocemadgh" (on tentacle) {rF+ Str+7 Stlth+}
   (You found it on level 4 of the Depths)

   [ring of protection from fire]

   It affects your strength (+7).
   It protects you from fire.
   It makes you more stealthy.
 W - the ring of the Coward (left tentacle) {rN+ MR+ Slay+3}
   (You found it on level 1 of the Abyss)

   [ring of positive energy]

   It affects your accuracy and damage with ranged weapons and melee attacks
   (+3).
   It protects you from negative energy.
   It affects your resistance to hostile enchantments.
Wands
 a - a wand of flame (26/48)
 c - a wand of iceblast (3/15)
 k - a wand of heal wounds (1/9)
 n - a wand of heal wounds (3/9)
 t - a wand of paralysis (16/24)
 N - a wand of disintegration (0/24)
 Q - a wand of slowing (18/48)
 T - a wand of teleportation (3/9)
Scrolls
 e - 3 scrolls of fear
 j - 9 scrolls of fog
 G - a scroll of holy word
Potions
 f - 9 potions of curing
 g - 3 potions of might
 l - a potion of agility
 v - 4 potions of resistance
 B - 8 potions of brilliance
 F - 6 potions of lignification
 P - 3 potions of cancellation
 S - 2 potions of invisibility
 V - 4 potions of ambrosia
Books
 O - a manual of Spellcasting
Miscellaneous
 h - a stone of tremors
 s - a sack of spiders
 u - a fan of gales
 x - a box of beasts {used: 1}
 y - a sack of spiders {used: 3}
 D - a phial of floods
 K - an ornate deck of escape {drawn: 2}
 M - 4 phantom mirrors
 U - a sack of spiders
 X - a box of beasts
 Y - an ornate deck of changes
Comestibles
 b - 12 bread rations
 i - 28 beef jerkies


   Skills:
 + Level 23.6 Fighting
 + Level 22.2 Dodging
 - Level 9.2 Stealth
 - Level 26.2 Shields
 + Level 25.5 Unarmed Combat
 - Level 15.1 Spellcasting
 - Level 12.3 Charms
 + Level 21.2 Summonings
 - Level 8.9 Necromancy
 - Level 20.0 Translocations
 - Level 16.7 Transmutations
 - Level 13.7 Air Magic
 - Level 9.2 Earth Magic
 - Level 6.4 Invocations


You had 3 spell levels left.
You knew the following spells:

 Your Spells              Type           Power        Failure   Level  Hunger
a - Summon Forest         Summ/Tloc      ######....   0%          5    None
b - Statue Form           Trmt/Erth      ######...    1%          6    ####...
c - Controlled Blink      Tloc           N/A          3%          8    #######
d - Sticks to Snakes      Trmt           ######..     0%          2    None
e - Mephitic Cloud        Conj/Pois/Air  ####....     1%          3    None
f - Deflect Missiles      Chrm/Air       ######....   1%          6    ####...
g - Animate Dead          Necr           N/A          1%          4    None
h - Summon Lightning Spi  Summ/Air       ######..     0%          4    None
i - Apportation           Tloc           ######....   0%          1    None
j - Malign Gateway        Summ/Tloc      ######....   1%          7    #####..
k - Control Undead        Necr           #####.....   1%          4    None
r - Regeneration          Chrm/Necr      ######....   1%          3    None


Dungeon Overview and Level Annotations

Branches:
Dungeon (15/15)            Temple (0/1) D:4            Lair (8/8) D:11
  Swamp (4/4) Lair:5       Spider (4/4) Lair:6        Slime (6/6) Lair:8
    Orc (2/2) D:9             Elf (3/3) Orc:2        Vaults (5/5) D:14
  Crypt (3/3) Vaults:3       Tomb (3/3) Crypt:3      Depths (5/5) D:15
   Hell (1/1)                 Dis (7/7) Hell            Geh (7/7) Hell
    Coc (7/7) Hell            Tar (7/7) Hell            Zot (5/5) Depths:5

Altars:
Cheibriados
Fedhas
Gozag
Kikubaaqudgha
Makhleb
Okawaru
Trog
Xom
Yredelemnul
Zin
The Shining One
Jiyva

Shops:
D:4 *   D:9 *   Orc:1 %   Orc:2 }:!(%   Elf:3 :   Vaults:2 [}}%   Vaults:5 :
Depths:1 *

Portals:
Hell: Depths:3 Depths:4 Depths:5
Abyss: Depths:3 Depths:4
Pandemonium: Orc:2 Depths:4 Depths:5
Ziggurat: Depths:2

Annotations:
D:2 Natasha
D:3 exclusion: centaur
Lair:1 Sl000nik's ghost, novice DDFi
Coc:7 exclusion: 2 ice statues, Antaeus
Zot:5 exclusion: obsidian statue
Abyss:1 Asmodeus


Innate Abilities, Weirdness & Mutations

You cannot wear most types of armour.
You are amphibious.
You can wear up to eight rings at the same time.
You can use your tentacles to constrict eight enemies at once.
Your skin changes colour to match your surroundings (Stealth).
Your rubbery body absorbs attacks (AC +1).
You have a beak for a mouth.
You are partially covered in iridescent scales (AC +4).
You are partially covered in molten scales (AC +1).
You are partially covered in slimy green scales (AC +2).
Scrolls take you longer to read.
You are very clumsy. (Dex -4)
Your flesh is cold resistant.
You are dopey. (Int -2)
You are extremely frail (-30% HP).
You are resistant to hostile enchantments.
Your natural rate of healing is unusually fast.
You frequently scream uncontrollably at your foes.
You are resistant to electric shocks.
You are sometimes teleported next to monsters.
You are weak. (Str -2)
Your spells are easier to cast, but less powerful.


Message History

You block the hobgoblin's attack. x2
There is a stone staircase leading up here.
You block the hobgoblin's attack.
You climb upwards.
There is a stone staircase leading down here.
You thrash the hobgoblin!!!
You kill the hobgoblin!
Cheibriados appreciates the change of pace.
Unknown command.
No target in view!
(D) Dungeon (T) Temple (L) Lair (S) Swamp (N) Spider Nest (M) Slime Pits (O) Orcish Mines (E) Elven Halls (V) Vaults (C) Crypt (W) Tomb (U) Depths (H) Hell (I) Dis (G) Gehenna (X) Cocytus (Y) Tartarus (Z) Zot
Where to? (Enter - D:1, ? - help)
Okay, then.
There is a staircase leading out of the dungeon here.
Enter note: best win ever in my highscore?
You have escaped!

#...........[...♣♣
#.###.............
.........>.......
#.##.....†##.....
.. ##...#........
. ############.#..
###P#P#P#P#P##.##.
#..............##.
#@.............##.
#..............##.
###P#P#P#P#P#.....
################


There were no monsters in sight!

Vanquished Creatures
  Cerebov (Pan)
  Ereshkigal (Tar:7)
  Gloorx Vloq (Pan)
  the Royal Jelly (Slime:6)
  A seraph (Pan)
  the Serpent of Hell (Tar:7)
  Mnoleg (Pan)
  Lom Lobon (Pan)
  5 ancient liches
  Khufu (Crypt:1)
  Dispater (Dis:7)
  5 orbs of fire (Zot:5)
  12 pandemonium lords
  A juggernaut (Depths:2)
  Mennas (Pan)
  31 greater mummies
  Sojobo (Depths:2)
  Margery (Depths:4)
  5 shard shrikes
  2 curse toes
  A Killer Klown (Zot:5)
  A caustic shrike (Depths:4)
  Nikola (Depths:2)
  2 profane servitors
  Geryon (Hell)
  6 golden dragons
  the Enchantress (Depths:4)
  23 Tzitzimimeh
  2 pearl dragons (Pan)
  5 iron giants (Dis:7)
  3 doom hounds
  7 bone dragons
  A hellephant (Pan)
  18 Brimstone Fiends
  2 electric golems (Zot:5)
  12 tentacled monstrosities
  8 Ice Fiends
  9 Hell Sentinels
  23 Orb Guardians
  16 liches
  7 quicksilver dragons
  Asterion (Depths:3)
  2 deep elf master archers (Elf:3)
  A deep elf blademaster (Elf:3)
  5 titans (Vaults:5)
  17 acid blobs
  2 tentacled starspawn
  7 death cobs
  12 sphinxes
  17 Executioners
  A sphinx (shapeshifter) (Depths:1)
  11 shadow dragons
  6 tengu reavers
  3 eldritch tentacles
  8 azure jellies
  7 storm dragons
  A draconian monk (Zot:4)
  9 warmongers (Pan)
  8 ancient champions
  20 daevas (Pan)
  Wiglaf (Depths:2)
  5 revenants
  5 frost giants
  16 fire giants
  14 vault wardens
  2 draconian knights (Zot:5)
  10 iron dragons
  5 deep elf sorcerers
  A juggernaut zombie (Depths:3)
  8 ghost moths
  25 balrugs
  A draconian zealot (Zot:5)
  4 curse skulls
  A caustic shrike zombie (Depths:3)
  2 orc warlords
  A draconian shifter (Depths:5)
  5 emperor scorpions
  9 black suns (Pan)
  42 cacodemons
  The ghost of mrath the Basher, a journeyman MiFi of Okawaru (Orc:2)
  11 ironheart preservers
  6 deep elf elementalists (Elf:3)
  33 angels (Pan)
  44 reapers
  2 draconian annihilators
  4 spriggan defenders
  24 war gargoyles
  An elemental wellspring (Coc:7)
  A ghoul (Crypt:3)
  20 stone giants
  40 very ugly things
  18 ophanim (Pan)
  2 draconian callers
  14 blood saints (Pan)
  4 vampire knights
  13 corrupters (Pan)
  13 chaos champions (Pan)
  4 green draconians
  8 deep elf demonologists
  10 salamander stormcallers
  5 purple draconians
  37 apis (Pan)
  4 white draconians
  2 red draconians
  4 black draconians
  4 yellow draconians
  9 deep elf annihilators
  15 lorocyprocas
  7 spark wasps
  7 bennus
  4 mottled draconians
  An eidolon (Crypt:2)
  17 green deaths
  14 ettins
  36 blizzard demons
  3 jiangshi (Crypt:3)
  13 deep elf death magi
  A minotaur (Lab)
  Snorg (Lair:8)
  21 mummy priests
  2 death oozes (Slime:6)
  5 quicksilver dragon zombies
  25 vault guards
  11 great orbs of eyes
  10 yaktaur captains
  The ghost of PeterLawrence the Basher, a journeyman MiFi of Okawaru (Lair:3)
  5 entropy weavers
  11 fire dragons
  2 deep elf high priests
  9 hell beasts
  Harold (Lair:3)
  5 hydras
  A juggernaut simulacrum (Depths:3)
  A quicksilver dragon skeleton (Coc:4)
  17 ogre magi
  17 monstrous demonspawn
  18 ice dragons
  8 spriggan air magi
  3 rakshasas
  4 alligators
  2 death knights
  2 centaur warriors (Vaults:1)
  5 dancing weapons (Elf:3)
  5 deep troll shamans
  A tengu warrior (D:15)
  5 vampire magi
  7 death yaks
  12 hell hogs
  10 deep troll earth magi
  5 titan zombies
  5 orc high priests
  Sonja (Lair:4)
  40 soul eaters
  42 sun demons
  10 deep elf knights
  12 iron golems
  36 hell knights
  8 spriggan berserkers
  A fire crab (Vaults:5)
  9 shadow wraiths
  3 titan skeletons
  A wretched star (Abyss:3)
  3 storm dragon skeletons
  3 salamander mystics
  75 skeletal warriors
  14 iron trolls
  A death drake (Swamp:4)
  An unseen horror (D:12)
  4 anaconda zombies
  3 golden dragon zombies
  3 storm dragon zombies
  16 cherubim (Pan)
  20 death scarabs
  12 flayed ghosts
  A quicksilver dragon simulacrum (Hell)
  5 giant orange brains
  14 shadow demons
  28 deep trolls
  3 swamp dragons
  4 shadow dragon zombies
  A spriggan druid (Swamp:2)
  3 ghost moth zombies
  10 gelid demonspawn (Pan)
  12 infernal demonspawn
  17 anubis guards
  A shambling mangrove (Swamp:1)
  6 hill giants
  A golden dragon skeleton (Dis:1)
  5 harpies (Vaults:1)
  14 torturous demonspawn
  A sphinx zombie (Depths:2)
  10 deep elf archers
  13 phantasmal warriors
  3 wolf spider zombies
  18 putrid demonspawn
  14 necromancers
  An anaconda skeleton (Hell)
  15 ironbrand convokers
  13 orc knights
  3 griffons
  19 wizards
  17 wolf spiders
  4 orb spiders (Spider:4)
  8 orc sorcerers
  42 deep elf magi
  4 shining eyes
  2 cyclopes
  6 iron dragon zombies
  A manticore (D:11)
  A worldbinder (Abyss:3)
  A wolf spider (shapeshifter) (Vaults:5)
  A tengu skeleton (Depths:3)
  14 salamanders
  11 hornets
  A sphinx skeleton (Vaults:5)
  8 frost giant zombies
  49 sixfirhies (Pan)
  2 shadow dragon skeletons (Coc:7)
  6 fire giant zombies
  2 stone giant zombies
  25 ugly things
  10 moths of wrath
  Joseph (D:7)
  4 stone giant skeletons
  A fire giant skeleton (Geh:7)
  3 frost giant skeletons
  4 iron dragon skeletons
  2 black mambas
  33 rust devils
  5 ice statues
  3 dire elephant zombies
  7 molten gargoyles (Geh:7)
  10 vault sentinels
  Psyche (D:10)
  3 eyes of devastation
  43 smoke demons
  A shock serpent skeleton (Geh:7)
  24 hellions
  4 torpor snails
  6 swamp worm zombies (Swamp:4)
  An apocalypse crab (Abyss:3)
  4 gargoyles (Lab)
  2 kobold demonologists (Vaults:2)
  45 yaktaurs
  A dire elephant skeleton (Crypt:1)
  34 orange demons
  2 efreet (Pan)
  14 spiny frogs
  9 komodo dragons
  3 emperor scorpion zombies
  23 demonic crawlers
  2 catoblepas skeletons
  7 rime drakes
  35 tormentors
  2 anaconda simulacra
  27 freezing wraiths
  43 ice devils
  3 golden dragon simulacra
  3 tengu conjurers
  35 red devils
  28 hellwings
  A queen bee (Depths:4)
  3 trolls
  2 silent spectres
  22 guardian mummies
  A wind drake (shapeshifter) (Depths:4)
  8 polar bears (Lair:8)
  An ancient zyme (Abyss:3)
  3 giant leeches
  Prince Ribbit (D:7)
  21 hydra zombies
  A harpy zombie (Crypt:1)
  A shadow dragon simulacrum (Vaults:5)
  40 two-headed ogres
  70 slime creatures
  3 spectral swamp dragons (Swamp:4)
  14 jumping spiders
  5 hydra skeletons
  Grinder (D:6)
  22 ushabtiu
  5 fire dragon zombies
  4 blink frogs (Lair:8)
  A blink frog (shapeshifter) (Vaults:1)
  A harpy skeleton (Coc:4)
  8 boulder beetles
  7 bog bodies
  8 raiju
  2 minotaur skeletons
  4 ice dragon zombies
  6 alligator zombies
  6 ettin zombies
  2 black mamba zombies
  A frost giant simulacrum (Coc:3)
  4 air elementals
  A wyvern (shapeshifter) (Vaults:1)
  4 ice dragon skeletons
  13 shadows
  5 ettin skeletons
  82 flying skulls
  25 wraiths
  21 tarantellas
  32 ynoxinuls
  7 alligator skeletons
  26 water elementals
  42 redbacks
  11 spriggans
  5 fire dragon skeletons
  38 yaks
  10 vampire mosquitoes
  3 basilisks
  29 chaos spawn (Pan)
  8 golden eyes
  3 hippogriffs
  A steam dragon (shapeshifter) (Depths:1)
  11 fire elementals
  A golden eye (shapeshifter) (Depths:4)
  A steam dragon (Lair:8)
  A human simulacrum (Vaults:1)
  5 hungry ghosts
  33 large abominations
  16 neqoxecs
  3 mottled dragons
  A swamp worm (shapeshifter) (Depths:4)
  A monstrous demonspawn zombie (Crypt:2)
  8 swamp worms
  7 wargs
  8 insubstantial wisps (Swamp:4)
  A merfolk zombie (Tar:4)
  7 water moccasins
  2 hydra simulacra
  57 hell hounds
  6 spiny frog zombies
  10 porcupines
  2 sky beasts
  2 giant eyeballs
  48 orc warriors
  3 swamp drakes
  3 spiny frog skeletons
  10 phantoms
  9 wasps
  10 ice beasts
  3 snapping turtle zombies
  A swamp dragon skeleton (Crypt:1)
  An alligator simulacrum (Coc:2)
  12 black bears (Lair:8)
  5 eyes of draining
  22 necrophages
  44 ogres
  5 boggarts
  4 swamp dragon zombies
  A lindwurm skeleton (Crypt:2)
  An ice dragon simulacrum (Vaults:1)
  11 wolves
  An ogre (shapeshifter) (Depths:2)
  10 centaurs
  9 crocodiles
  A blink frog skeleton (Crypt:2)
  7 snapping turtle skeletons
  2 small abominations (Abyss:3)
  4 big kobolds
  3 elf zombies
  Blork the orc (D:6)
  4 giant frogs
  4 water moccasin zombies (Ossuary)
  3 elf skeletons
  A wyvern skeleton (Crypt:1)
  2 spiny frog simulacra
  A hell hound skeleton (Crypt:1)
  2 spriggan zombies
  2 scorpions
  43 wights
  32 killer bees
  5 electric eels
  2 howler monkeys (D:11)
  14 crimson imps
  15 jellies
  A giant frog zombie (D:5)
  15 hounds
  A quasit (Abyss:2)
  A centaur zombie (D:6)
  A human zombie (D:5)
  23 orc priests
  15 orc wizards
  4 human skeletons
  16 iron imps
  3 spectral swamp drakes (Swamp:4)
  6 iguanas
  6 hell rats
  5 worker ants
  A boulder beetle simulacrum (Vaults:1)
  29 sheep
  2 big kobold zombies (Ossuary)
  A tengu zombie (Coc:4)
  A hound zombie (D:9)
  51 mummies
  2 hell rat zombies
  8 gnolls
  4 adders
  66 river rats
  2 swamp drake zombies (Swamp:4)
  12 shadow imps
  29 white imps
  6 ufetubi
  4 oozes
  6 adder zombies
  An iguana zombie (Crypt:1)
  An adder skeleton (Crypt:2)
  A worm (D:3)
  A dart slug (D:3)
  A giant gecko (D:1)
  85 orcs
  A bat zombie (Crypt:2)
  2 giant cockroaches
  7 gnoll zombies
  10 hobgoblins
  13 jackals
  10 kobolds
  4 quokkas
  3 bats
  A giant gecko skeleton (D:4)
  A giant newt (D:1)
  8 goblins
  2 hobgoblin zombies (Ossuary)
  7 kobold zombies
  3 orc skeletons (D:5)
  6 orc zombies
  6 rats
  A river rat skeleton (Crypt:1)
  2 crawling corpses
  2 fire vortices
  A lost soul (Crypt:3)
  5 plants
4152 creatures vanquished.

Vanquished Creatures (collateral kills)
  An orb of fire (Zot:5)
  A greater mummy (Tomb:2)
  A Brimstone Fiend (Geh:7)
  An iron giant (Dis:7)
  A pandemonium lord (Pan)
  An Orb Guardian (Zot:5)
  An acid blob (Slime:4)
  2 cacodemons (Pan)
  A lorocyproca (Pan)
  A black draconian (Zot:5)
  A salamander stormcaller (Dis:4)
  A bennu (Tomb:2)
  2 black suns (Pan)
  A blizzard demon (Pan)
  A mummy priest (Tomb:2)
  4 vault guards (Vaults:5)
  2 hydras
  A centaur warrior (D:11)
  An ogre mage (Vaults:5)
  A deep troll earth mage (Vaults:5)
  A death yak (Lair:8)
  An orc high priest (Orc:2)
  A sun demon (Pan)
  A wretched star (Abyss:3)
  4 skeletal warriors
  An iron troll (Zot:5)
  A shadow demon (Tar:7)
  A deep troll (Vaults:5)
  2 infernal demonspawn (Pan)
  A lindwurm (Lair:8)
  2 putrid demonspawn
  6 anubis guards (Tomb:2)
  An ironbrand convoker (Vaults:5)
  A torturous demonspawn (Pan)
  2 orb spiders (Spider:4)
  A fire giant zombie (Dis:7)
  4 shining eyes
  A cyclops (Vaults:1)
  An orc sorcerer (Orc:2)
  2 salamanders (Geh:7)
  A rust devil (Dis:4)
  A smoke demon (Pan)
  A black mamba (Lair:8)
  2 eyes of devastation (Slime:6)
  A molten gargoyle (Geh:7)
  A vault sentinel (Vaults:1)
  9 orange demons (Pan)
  2 hellions
  An efreet (Pan)
  A komodo dragon (Lair:8)
  2 tormentors
  A yaktaur (Vaults:5)
  An ice devil (Dis:1)
  A hydra zombie (Coc:7)
  14 red devils
  2 guardian mummies
  A jumping spider (Spider:2)
  2 fire dragon zombies
  A bog body (Swamp:3)
  A two-headed ogre (Vaults:1)
  A boulder beetle (Vaults:5)
  A large abomination (Abyss:3)
  An ettin zombie (Dis:7)
  4 ushabtiu
  4 slime creatures
  4 flying skulls
  A redback (Spider:4)
  3 tarantellas
  A water elemental (Coc:5)
  A ynoxinul (Pan)
  3 yaks (Lair:8)
  2 basilisks (Lair:8)
  6 neqoxecs (Pan)
  A fire elemental (Hell)
  3 vampire mosquitoes
  2 wargs
  A swamp worm (Swamp:1)
  2 hell hounds (Lair:8)
  A porcupine (Lair:3)
  2 swamp drakes
  A spiny frog zombie (Dis:7)
  An orc warrior (Orc:2)
  An ice beast (Coc:2)
  A black bear (Lair:8)
  An eye of draining (Slime:4)
  2 wasps
  An ogre (Vaults:1)
  3 wolves (Lair:8)
  5 crocodiles
  A howler monkey (D:11)
  An electric eel (Spider:2)
  2 orc priests (Orc:2)
  2 hounds (Lair:8)
  An iron imp (Dis:1)
  2 jellies
  2 iguanas
  An orc wizard (Vaults:5)
  6 mummies
  A gnoll (D:6)
  5 river rats (Lair:3)
  8 orcs
  A goblin (D:6)
  A ball python (D:3)
  3 fungi
  7 plants
  A snaplasher vine segment (Pan)
212 creatures vanquished.

Vanquished Creatures (others)
  An orb of fire (Zot:5)
  An Orb Guardian (Zot:5)
  A deep elf blademaster (Elf:3)
  10 eldritch tentacles
  A vault warden (Vaults:5)
  2 deep elf elementalists (Elf:3)
  2 stone giants
  2 elemental wellsprings
  A deep elf demonologist (Elf:3)
  A deep elf annihilator (Elf:3)
  A blizzard demon (Pan)
  A deep elf high priest (Vaults:5)
  3 yaktaur captains
  A centaur warrior (Depths:4)
  4 death scarabs (Tomb:3)
  A cherub (Pan)
  A wizard (Pan)
  A deep elf archer (Vaults:2)
  A necromancer (Geh:4)
  A salamander (Geh:7)
  An ice statue (Pan)
  5 yaktaurs
  A hellion (Pan)
  A guardian mummy (Tomb:3)
  A slime creature (Slime:4)
  2 ushabtiu (Tomb:3)
  4 flying skulls
  A water elemental (Elf:3)
  A wraith (Geh:7)
  A ynoxinul (Pan)
  A neqoxec (Pan)
  A hell hound (Geh:4)
  An orc warrior (Vaults:2)
  An alligator simulacrum (Hell)
  A boggart (Depths:4)
  An ogre (Vaults:2)
  A crimson imp (Hell)
  5 mummies
  2 white imps (IceCv)
  3 ufetubi
  2 ball lightnings (Pan)
  A quokka (D:3)
  An orc zombie (Geh:4)
  A block of ice (Pan)
  A bush (D:15)
  A crawling corpse (Vaults:5)
  846 eldritch tentacle segments
  A fire vortex (Vaults:4)
  24 fungi
  A lost soul (Crypt:3)
  A lurking horror (Abyss:3)
  22 plants
  18 snaplasher vines
  1326 snaplasher vine segments
2318 creatures vanquished.

Grand Total: 6682 creatures vanquished

Notes
Turn   | Place    | Note
--------------------------------------------------------------
     0 | D:1      | M4edhros the Octopode Necromancer began the quest for the Orb.
     0 | D:1      | Reached XP level 1. HP: 11/11 MP: 3/3
    21 | D:1      | Learned a level 1 spell: Animate Skeleton
    70 | D:2      | Found a blossoming altar of Fedhas.
   123 | D:2      | Reached skill level 1 in Unarmed Combat
   159 | D:3      | Reached XP level 2. HP: 16/17 MP: 1/5
   190 | D:3      | Found a snail-covered altar of Cheibriados.
   197 | D:3      | Became a worshipper of Cheibriados the Contemplative
   201 | D:3      | Noticed a centaur
   280 | D:2      | Noticed Natasha
   415 | D:1      | Reached XP level 3. HP: 10/21 MP: 4/6
   420 | D:1      | Learned a level 3 spell: Regeneration
   518 | D:3      | Found a glowing silver altar of Zin.
   602 | D:4      | Reached XP level 4. HP: 19/27 MP: 1/7
   698 | D:4      | Reached * piety under Cheibriados
   725 | D:4      | im pretty fine, chei early, and reg amulet
   725 | D:4      | now need some protection, gotta pump that dodging
   773 | D:4      | Found a staircase to the Ecumenical Temple.
   774 | D:4      | Noticed an ogre
   794 | D:4      | Killed an ogre
   794 | D:4      | Reached skill level 1 in Fighting
   794 | D:4      | Reached XP level 5. HP: 33/33 MP: 1/8
   807 | D:4      | Found book of changes, goooood, now blade hands
   809 | D:4      | Learned a level 1 spell: Beastly Appendage
   813 | D:5      | Entered Level 5 of the Dungeon
   819 | D:5      | Noticed a centaur
   823 | D:5      | Killed a centaur
   823 | D:5      | Reached XP level 6. HP: 35/39 MP: 2/9
   839 | D:5      | Learned a level 2 spell: Sticks to Snakes
   861 | D:5      | Reached skill level 5 in Unarmed Combat
   896 | D:5      | o fuck, drain and ossuary on one level
  1067 | D:5      | Reached XP level 7. HP: 39/46 MP: 6/10
  1159 | D:5      | Found a sand-covered staircase.
  1169 | Ossuary  | Entered an ossuary
  1170 | Ossuary  | decided to get to ossuary
  1173 | Ossuary  | Reached ** piety under Cheibriados
  1278 | Ossuary  | Reached XP level 8. HP: 48/54 MP: 7/11
  1352 | Ossuary  | Reached skill level 1 in Transmutations
  1501 | D:5      | Reached skill level 5 in Dodging
  1526 | D:5      | Reached *** piety under Cheibriados
  1615 | D:6      | Learned a level 3 spell: Mephitic Cloud
  1688 | D:6      | Noticed Grinder
  1694 | D:6      | Killed Grinder
  1755 | D:7      | Reached skill level 5 in Fighting
  1760 | D:7      | Noticed Joseph
  1838 | D:6      | Found an opulent altar of Gozag.
  1838 | D:6      | Noticed Blork the orc
  1847 | D:6      | Killed Blork the orc
  1895 | D:6      | Reached XP level 9. HP: 61/61 MP: 10/13
  1928 | D:6      | Reached **** piety under Cheibriados
  2230 | D:6      | Reached ***** piety under Cheibriados
  2322 | D:5      | Found a burning altar of Makhleb.
  2323 | D:5      | Found a shimmering altar of Xom.
  2435 | D:7      | Noticed Prince Ribbit
  2457 | D:7      | Killed Prince Ribbit
  2457 | D:7      | Reached skill level 1 in Invocations
  2494 | D:7      | Killed Joseph
  2698 | D:9      | Reached skill level 5 in Transmutations
  2736 | D:9      | Learned a level 5 spell: Blade Hands
  2738 | D:9      | Found Ocvazop's Assorted Antiques.
  2745 | D:9      | Bought a transparent hunting sling for 123 gold pieces
  2745 | D:9      | Bought a potion of heal wounds for 95 gold pieces
  2745 | D:9      | Identified the +3 hunting sling "Fesif" {flame, Int+4} (You bought it in a shop on level 9 of the Dungeon)
  2746 | D:9      | Bought an emerald potion for 17 gold pieces
  2746 | D:9      | Bought a scroll labeled YFUEXA JOUG for 19 gold pieces
  2746 | D:9      | Bought a scroll labeled AXKYOBRUNY for 19 gold pieces
  2746 | D:9      | Bought a scroll labeled LUNLUQ NIPT for 19 gold pieces
  2746 | D:9      | Bought a scroll labeled YFUEXA JOUG for 19 gold pieces
  2845 | D:9      | Found a glowing golden altar of the Shining One.
  2871 | D:10     | Entered Level 10 of the Dungeon
  2943 | D:9      | Reached skill level 5 in Spellcasting
  2943 | D:9      | Reached XP level 10. HP: 48/66 MP: 9/17
  2962 | D:9      | Found a staircase to the Orcish Mines.
  3104 | D:10     | Noticed a hill giant
  3115 | D:10     | Killed a hill giant
  3115 | D:10     | Reached skill level 5 in Invocations
  3472 | D:10     | Noticed a hill giant
  3479 | D:10     | Killed a hill giant
  3582 | D:11     | Learned a level 4 spell: Animate Dead
  3654 | D:11     | Reached ****** piety under Cheibriados
  3697 | D:11     | Noticed a centaur warrior
  3703 | D:11     | Killed a centaur warrior
  3703 | D:11     | Reached XP level 11. HP: 29/72 MP: 14/20
  3748 | D:11     | Found a staircase to the Lair.
  3749 | D:11     | Noticed a manticore
  3756 | D:11     | Killed a manticore
  3876 | D:12     | Noticed a cyan ugly thing
  3885 | D:12     | Killed a cyan ugly thing
  3896 | D:12     | Gained mutation: You are robust (+10% HP). [mutagenic meat]
  3897 | D:12     | Gained mutation: You are partially covered in slimy green scales (AC +2). [mutagenic meat]
  3898 | D:12     | Gained mutation: You are partially covered in molten scales (AC +1). [mutagenic meat]
  3899 | D:12     | 10%hp 3ac mutations
  3957 | D:12     | Killed an unseen horror
  4038 | D:14     | Reached skill level 10 in Unarmed Combat
  4045 | D:14     | Found a gate to the Vaults.
  4046 | D:14     | Noticed a deep elf mage
  4047 | D:14     | Noticed a hill giant
  4052 | D:14     | Noticed a hill giant
  4054 | D:14     | Killed a hill giant
  4058 | D:14     | Killed a deep elf mage
  4062 | D:14     | Killed a hill giant
  4102 | D:15     | Entered Level 15 of the Dungeon
  4102 | D:15     | Noticed a tengu warrior
  4170 | Lair:1   | Entered Level 1 of the Lair of Beasts
  4427 | Lair:1   | Noticed Sl000nik's ghost (novice DDFi)
  4525 | Lair:2   | Reached XP level 12. HP: 89/89 MP: 15/21
  4612 | Lair:3   | Reached skill level 5 in Stealth
  4659 | Lair:3   | Noticed PeterLawrence's ghost (journeyman MiFi)
  4660 | Lair:3   | Noticed Harold
  4667 | Lair:3   | Killed PeterLawrence's ghost
  4677 | Lair:3   | Killed Harold
  4734 | Lair:3   | Noticed a seven-headed hydra
  4742 | Lair:3   | Killed a nine-headed hydra
  4768 | Lair:3   | Noticed a six-headed hydra
  4773 | Lair:3   | Killed a six-headed hydra
  4886 | Lair:4   | Noticed Sonja
  4893 | Lair:4   | Noticed a death yak
  4894 | Lair:4   | Noticed a death yak
  4894 | Lair:4   | Noticed a death yak
  4894 | Lair:4   | Noticed a death yak
  4895 | Lair:4   | Noticed a death yak
  4897 | Lair:4   | Killed Sonja
  4902 | Lair:4   | Killed a death yak
  4908 | Lair:4   | Killed a death yak
  4910 | Lair:4   | Killed a death yak
  4912 | Lair:4   | HP: 4/136 [death yak (21)]
  4970 | Lair:4   | Found a frozen archway.
  4979 | IceCv    | Entered an ice cave
  5043 | IceCv    | Reached XP level 13. HP: 96/96 MP: 14/22
  5145 | IceCv    | Reached skill level 10 in Dodging
  5398 | Lair:5   | Found a labyrinth entrance.
  5408 | Lab      | Entered a labyrinth
  5450 | Lab      | Reached skill level 1 in Shields
  5472 | Lab      | Got a transparent amber ring
  5473 | Lab      | Identified the ring of the Median {+Fly rC++ Str+3 Int-5 Dex+3} (You found it in a labyrinth)
  5643 | Lab      | Noticed a minotaur
  5652 | Lab      | Killed a minotaur
  5652 | Lab      | Reached skill level 2 in Shields
  5672 | Lab      | Identified Parrosit's Tome of Toxins
  5686 | Lab      | Learned a level 4 spell: Summon Lightning Spire
  5877 | Lair:6   | Reached skill level 1 in Summonings
  5883 | Lair:6   | Found a hole to the Spider Nest.
  5889 | Lair:6   | Reached skill level 3 in Shields
  6066 | Lair:8   | Entered Level 8 of the Lair of Beasts
  6203 | Lair:8   | Found a runed door.
  6205 | Lair:8   | Found a viscous altar of Jiyva.
  6209 | Lair:8   | Found a staircase to the Slime Pits.
  6356 | Lair:8   | Reached skill level 4 in Shields
  6555 | Lair:8   | Reached skill level 5 in Shields
  6563 | Lair:8   | Reached XP level 14. HP: 81/105 MP: 15/25
  6650 | Lair:8   | Noticed Snorg
  6662 | Lair:8   | Killed Snorg
  6735 | Lair:8   | Reached skill level 6 in Shields
  6895 | Lair:8   | Learned a level 5 spell: Summon Forest
  7357 | D:11     | Gained mutation: You regenerate slowly when monsters are visible. [mutagenic meat]
  7358 | D:11     | Gained mutation: You possess an exceptional clarity of mind. [mutagenic meat]
  7359 | D:11     | Gained mutation: You are resistant to hostile enchantments. [mutagenic meat]
  7360 | D:11     | Lost mutation: You regenerate slowly when monsters are visible. [mutagenic meat]
  7361 | D:11     | Gained mutation: You occasionally shout uncontrollably at your foes. [mutagenic meat]
  7362 | D:11     | Gained mutation: You are somewhat resistant to further mutation. [mutagenic meat]
  7554 | Orc:1    | Entered Level 1 of the Orcish Mines
  7576 | Orc:2    | Entered Level 2 of the Orcish Mines
  7608 | Orc:1    | Found Cizuadec's Food Shop.
  7700 | Orc:1    | Found a bloodstained altar of Trog.
  7832 | Orc:2    | Found a staircase to the Elven Halls.
  7833 | Orc:2    | Noticed mrath's ghost (journeyman MiFi)
  7849 | Orc:2    | Killed mrath's ghost
  7849 | Orc:2    | Reached skill level 7 in Shields
  7866 | Orc:2    | Found Wutuhaz's Gadget Shoppe.
  7924 | Orc:2    | Found Futiff's Distillery.
  7926 | Orc:2    | Found Fenal's Food Shoppe.
  7933 | Orc:2    | Reached skill level 5 in Summonings
  8010 | Orc:2    | i wasted 2 fear scrolls, 1magic pot, 1 curing pot. caus of misclick.
  8032 | Orc:2    | Bought a potion of magic for 104 gold pieces
  8032 | Orc:2    | Bought 2 potions of mutation for 65 gold pieces
  8130 | Orc:2    | Reached skill level 10 in Fighting
  8169 | Orc:2    | fuck. i wasted so much consumables on stupid trident demon venom demon...
  8275 | Orc:2    | Reached XP level 15. HP: 100/113 MP: 2/27
  8318 | Orc:2    | Found Timuew's Book Boutique.
  8318 | Orc:2    | Found Peunies's Antique Weapon Shop.
  8318 | Orc:2    | Found a one-way gate leading to the halls of Pandemonium.
  8336 | Orc:2    | Bought a book of Transfigurations for 825 gold pieces
  8525 | Orc:1    | Noticed an orc warlord
  8530 | Orc:1    | Killed an orc warlord
  8533 | Orc:1    | You fall through a shaft!
  9193 | Lair:5   | Found a staircase to the Swamp.
  9199 | Swamp:1  | Entered Level 1 of the Swamp
  9330 | Swamp:1  | Found an iron altar of Okawaru.
  9428 | Swamp:1  | Learned a level 6 spell: Statue Form
  9513 | Swamp:1  | Reached skill level 1 in Earth Magic
  9585 | Swamp:2  | Cast into level 3 of the Abyss (a Zot trap)
  9592 | Abyss:3  | thats another joke here, got into abyss by zot trap...
  9723 | Abyss:3  | Noticed a tentacled starspawn
  9725 | Abyss:3  | Killed a tentacled starspawn
  9776 | Abyss:3  | statue 34% failure, not bad
  9811 | Abyss:3  | Noticed a lich
  9862 | Swamp:2  | Escaped the Abyss
  9979 | Swamp:2  | Reached skill level 5 in Earth Magic
 10175 | Swamp:3  | statue 12% fail
 10187 | Swamp:4  | Entered Level 4 of the Swamp
 10338 | Swamp:4  | Reached XP level 16. HP: 105/119 MP: 18/29
 10341 | Swamp:4  | Noticed a bone dragon
 10360 | Swamp:4  | Killed a bone dragon
 10381 | Swamp:4  | Reached skill level 10 in Transmutations
 10396 | Swamp:4  | Got a decaying rune of Zot
 10725 | Spider:1 | Entered Level 1 of the Spider Nest
 10844 | Spider:2 | Reached skill level 1 in Translocations
 10940 | Spider:3 | Reached skill level 15 in Unarmed Combat
 10987 | Spider:4 | Entered Level 4 of the Spider Nest
 11024 | Spider:4 | Reached XP level 17. HP: 120/127 MP: 0/30
 11194 | Spider:4 | Got a gossamer rune of Zot
 11543 | Vaults:1 | Entered Level 1 of the Vaults
 11559 | Vaults:1 | Reached skill level 1 in Charms
 11576 | Vaults:1 | Reached skill level 1 in Air Magic
 11585 | Vaults:1 | Noticed an Ice Fiend
 11587 | Vaults:1 | Noticed a Hell Sentinel
 11960 | Elf:1    | Entered Level 1 of the Elven Halls
 12193 | Elf:3    | Entered Level 3 of the Elven Halls
 12388 | Elf:3    | Found Buniug's Book Boutique.
 12397 | Elf:3    | Bought a book of Air for 420 gold pieces
 12400 | Elf:3    | Learned a level 2 spell: Repel Missiles
 12629 | Elf:3    | Reached skill level 5 in Translocations
 12752 | Elf:3    | Noticed a deep elf blademaster
 12755 | Elf:3    | Noticed a deep elf blademaster
 12756 | Elf:3    | Killed a deep elf blademaster
 12756 | Elf:3    | Reached skill level 5 in Air Magic
 12757 | Elf:3    | Killed a deep elf blademaster
 12763 | Elf:3    | Noticed a deep elf master archer
 12766 | Elf:3    | Noticed a deep elf master archer
 12771 | Elf:3    | Reached skill level 5 in Charms
 12772 | Elf:3    | Killed a deep elf master archer
 12775 | Elf:3    | Killed a deep elf master archer
 12845 | Elf:3    | Cast into level 3 of the Abyss (a deep elf sorcerer)
 12888 | Abyss:3  | Noticed a lich
 12892 | Abyss:3  | Killed a lich
 12892 | Abyss:3  | Reached XP level 18. HP: 134/134 MP: 31/31
 12894 | Abyss:3  | Noticed a lich
 12896 | Abyss:3  | Killed a lich
 12898 | Abyss:3  | Got an abyssal rune of Zot
 12901 | Abyss:3  | Noticed a lich
 12903 | Abyss:3  | Killed a lich
 12907 | Abyss:3  | Noticed a lich
 12909 | Abyss:3  | Killed a lich
 12911 | Abyss:3  | Noticed a lich
 12915 | Abyss:3  | Killed a lich
 12918 | Abyss:3  | Noticed a lich
 12921 | Abyss:3  | Killed a lich
 12924 | Elf:3    | Escaped the Abyss
 12925 | Elf:3    | thanks to elf sorc, i have abyss rune : )
 12965 | Elf:3    | Got a bound bone ring
 12966 | Elf:3    | Identified the ring "Oliyn" {SustAt -Tele *Confuse Str+2 Int+8} (You found it on level 3 of the Elven Halls)
 13025 | Elf:3    | Learned a level 1 spell: Apportation
 13137 | Elf:3    | Identified Ami Xitz's Reference Book on Confrontation
 13150 | Elf:3    | Got an ebony hunting sling
 13151 | Elf:3    | Identified the +3 hunting sling "Niywum" {velocity, rElec Dex+4} (You found it on level 3 of the Elven Halls)
 13276 | Elf:1    | Reached skill level 8 in Shields
 13780 | Vaults:1 | Lost mutation: You occasionally shout uncontrollably at your foes. [mutagenic meat]
 14014 | Vaults:1 | Reached skill level 9 in Shields
 14252 | Vaults:2 | Noticed a tentacled monstrosity
 14258 | Vaults:2 | Killed a tentacled monstrosity
 14258 | Vaults:2 | Reached skill level 10 in Shields
 14258 | Vaults:2 | Reached skill level 10 in Spellcasting
 14258 | Vaults:2 | Reached XP level 19. HP: 139/139 MP: 26/33
 14491 | Vaults:2 | Reached skill level 10 in Air Magic
 14522 | Vaults:2 | Reached skill level 11 in Shields
 14743 | Vaults:4 | Reached skill level 10 in Charms
 14766 | Vaults:4 | Gained mutation: You are occasionally teleported next to monsters. [mutagenic meat]
 14961 | Vaults:4 | Lost mutation: You possess an exceptional clarity of mind. [potion of mutation]
 14961 | Vaults:4 | Gained mutation: You are agile. (Dex +2) [potion of mutation]
 14967 | Vaults:5 | Entered Level 5 of the Vaults
 14975 | Vaults:5 | Reached skill level 12 in Shields
 15003 | Vaults:5 | Reached XP level 20. HP: 85/147 MP: 17/35
 15089 | Vaults:5 | Noticed an ancient lich
 15095 | Vaults:5 | Killed an ancient lich
 15095 | Vaults:5 | Reached skill level 13 in Shields
 15161 | Vaults:5 | Gained mutation: You tend to lose your temper in combat. [mutagenic meat]
 15340 | Vaults:5 | Reached skill level 14 in Shields
 15364 | Vaults:5 | Reached XP level 21. HP: 130/152 MP: 27/37
 15389 | Vaults:5 | Got a dazzling blowgun
 15390 | Vaults:5 | Identified the +6 blowgun "Qeompog" {evade, +Fly rN+ MP+9 Dex+3} (You found it on level 5 of the Vaults)
 15407 | Vaults:5 | Got a silver rune of Zot
 15430 | Vaults:5 | Identified a +2 rod of shadows (9/9) (You took it off an ironheart preserver on level 5 of the Vaults)
 15431 | Vaults:5 | Identified a +4 rod of shadows (13/13) (You took it off a deep elf annihilator on level 5 of the Vaults)
 15435 | Vaults:5 | Got a smoking ruby amulet
 15436 | Vaults:5 | Identified the amulet of Woewk {Harm *Drain +Blink rElec rC- Str+6} (You took it off a vault sentinel on level 5 of the Vaults)
 15608 | Vaults:5 | Noticed a golden dragon
 15616 | Vaults:5 | Killed a golden dragon
 15826 | Vaults:5 | Got a twitching platinum ring
 15827 | Vaults:5 | Identified the ring of Harmony {Ice MR+} (You took it off an ironheart preserver on level 5 of the Vaults)
 15957 | Vaults:5 | Found Effenlya's Book Shoppe.
 15965 | Vaults:5 | Bought an Akashic Record for 1766 gold pieces
 15973 | Vaults:5 | Learned a level 7 spell: Malign Gateway
 15993 | Vaults:5 | Reached skill level 15 in Shields
 15993 | Vaults:5 | Reached skill level 10 in Translocations
 16409 | Vaults:3 | Found a staircase to the Crypt.
 16418 | Crypt:1  | Entered Level 1 of the Crypt
 16486 | Crypt:2  | Reached XP level 22. HP: 158/158 MP: 39/39
 16513 | Crypt:3  | Entered Level 3 of the Crypt
 16514 | Crypt:3  | going crypt for rings
 16596 | Crypt:3  | Noticed a profane servitor
 16602 | Crypt:3  | Killed a profane servitor
 16631 | Crypt:3  | Found a basalt altar of Yredelemnul.
 16638 | Crypt:3  | Found an ancient bone altar of Kikubaaqudgha.
 16677 | Crypt:3  | Found a staircase to the Tomb.
 16764 | Crypt:3  | Got a pitted brass ring
 16765 | Crypt:3  | Identified the ring of Xom's Whimsicality {rN+ Str+4} (You found it on level 3 of the Crypt)
 16781 | Crypt:3  | Learned a level 8 spell: Controlled Blink
 16830 | Crypt:3  | only 1 ring, but its fine, 4str rn, got 43 total str
 17307 | Vaults:2 | Found Goipt's Gadget Emporium.
 17340 | Vaults:2 | Bought a sack of spiders for 420 gold pieces
 17345 | Vaults:2 | Paralysed by a hornet for 2 turns
 17385 | Vaults:2 | Found Mekozif's Gadget Shoppe.
 17392 | Vaults:2 | Found Ope Runu's Food Emporium.
 17434 | Vaults:2 | Found Ginoytug's Armour Shop.
 17805 | Slime:1  | Entered Level 1 of the Pits of Slime
 17851 | Slime:4  | Gained mutation: Potions and wands are less effective at restoring your health. [a shining eye]
 18001 | Slime:6  | Entered Level 6 of the Pits of Slime
 18048 | Slime:6  | Noticed the Royal Jelly
 18072 | Slime:6  | Reached XP level 23. HP: 167/167 MP: 24/41
 18080 | Slime:6  | Killed the Royal Jelly
 18112 | Slime:6  | Identified Achelaso's Almanac of Poisonous Augmentations
 18157 | Slime:6  | Got a slimy rune of Zot
 18195 | Slime:6  | Got a shimmering bronze amulet
 18215 | Slime:6  | Identified the amulet of Kikubaaqudgha's Esteem {Gourm rElec Str+4} (You found it on level 6 of the Pits of Slime)
 18257 | Slime:6  | Got a shimmering marble ring
 18259 | Slime:6  | Identified the cursed ring "Qiofen" {+Blink +Inv rF+ AC-2 Str-2} (You found it on level 6 of the Pits of Slime)
 18287 | Slime:6  | Identified the Tome of Damaging Malediction
 18536 | Lair:6   | Lost mutation: You are robust (+10% HP). [potion of cure mutation]
 18536 | Lair:6   | Lost mutation: You are somewhat resistant to further mutation. [potion of cure mutation]
 18536 | Lair:6   | Lost mutation: You are partially covered in molten scales (AC +1). [potion of cure mutation]
 18536 | Lair:6   | Lost mutation: You tend to lose your temper in combat. [potion of cure mutation]
 18829 | D:15     | Found a burning altar of Makhleb.
 18869 | D:15     | Found a staircase to the Depths.
 18897 | Depths:1 | Entered Level 1 of the Depths
 18930 | Depths:1 | Gained mutation: Your natural rate of healing is unusually fast. [mutagenic meat]
 18931 | Depths:1 | Gained mutation: You have a beak for a mouth. [mutagenic meat]
 18933 | Depths:1 | Gained mutation: You heal very quickly. [mutagenic meat]
 18934 | Depths:1 | got 2x reg mutation.
 18934 | Depths:1 | Gained mutation: You are sometimes teleported next to monsters. [mutagenic meat]
 18935 | Depths:1 | 2x teleportis mut...
 18945 | Depths:1 | Lost mutation: Potions and wands are less effective at restoring your health. [mutagenic meat]
 18947 | Depths:1 | Lost mutation: You are resistant to hostile enchantments. [mutagenic meat]
 18948 | Depths:1 | Gained mutation: You are partially covered in molten scales (AC +1). [mutagenic meat]
 18949 | Depths:1 | Gained mutation: You are often teleported next to monsters. [mutagenic meat]
 18950 | Depths:1 | ahahhah, 3x teleportis
 18958 | Depths:1 | Found Buaggyos's Blood Bar.
 19008 | Depths:1 | Gained mutation: You are resistant to hostile enchantments. [potion of mutation]
 19008 | Depths:1 | Gained mutation: You have a pair of small antennae on your head. [potion of mutation]
 19210 | D:11     | Learned a level 6 spell: Deflect Missiles
 19378 | Depths:2 | Noticed a juggernaut
 19392 | Depths:2 | Noticed Wiglaf
 19399 | Depths:2 | Killed Wiglaf
 19406 | Depths:2 | Noticed Nikola
 19412 | Depths:2 | Killed Nikola
 19461 | Depths:2 | Found a gateway to a ziggurat.
 19479 | Depths:2 | Noticed Sojobo
 19486 | Depths:2 | Killed Sojobo
 19504 | Depths:2 | Gained mutation: You are frail (-10% HP). [mutagenic meat]
 19595 | Depths:2 | Killed a juggernaut
 19616 | Depths:2 | Gained mutation: You can translocate small distances at will. [mutagenic meat]
 19642 | Depths:3 | Found a gateway to Hell.
 19756 | Depths:3 | Reached XP level 24. HP: 145/145 MP: 32/41
 19768 | Depths:3 | Found a one-way gate to the infinite horrors of the Abyss.
 19824 | Depths:3 | got around 6 str rings this game
 19824 | Depths:3 | 7
 19884 | Depths:3 | Noticed Asterion
 19891 | Depths:3 | Killed Asterion
 19963 | Depths:3 | Lost mutation: You have a pair of small antennae on your head. [potion of mutation]
 19963 | Depths:3 | Lost mutation: You can translocate small distances at will. [potion of mutation]
 20022 | Hell     | Entered the Vestibule of Hell
 20022 | Hell     | Noticed Geryon
 20038 | Hell     | HP: 8/189 [hell beast[Geryon] (3)]
 20041 | Hell     | fuck. died. not enough evasion.
 20056 | Hell     | lucky teleport, im alive.
 20079 | Hell     | Killed Geryon
 20096 | Hell     | HP: 6/189 [hell hog/fireball (13)]
 20098 | Depths:3 | whaaaaat.
 20098 | Depths:3 | lucky me.
 20098 | Depths:3 | survived.
 20098 | Depths:3 | fuckin need evasion..
 20098 | Depths:3 | and shield.
 20203 | Depths:4 | good, found heal wounds wand
 20346 | Depths:4 | Found a runed door.
 20353 | Depths:4 | Noticed Margery
 20363 | Depths:4 | Reached skill level 10 in Summonings
 20365 | Depths:4 | Killed Margery
 20387 | Depths:4 | Reached skill level 15 in Translocations
 20423 | Depths:4 | Gained mutation: Your mind is acute. (Int +2) [potion of mutation]
 20423 | Depths:4 | Gained mutation: Your flesh is cold resistant. [potion of mutation]
 20457 | Depths:4 | Reached XP level 25. HP: 153/153 MP: 32/41
 20488 | Depths:4 | Gained mutation: You are somewhat resistant to further mutation. [mutagenic meat]
 20714 | Depths:4 | Noticed the Enchantress
 20769 | Depths:4 | Lost mutation: You are often teleported next to monsters. [mutagenic meat]
 20949 | Depths:4 | Killed the Enchantress
 21249 | Depths:4 | Got a vibrating silver ring
 21250 | Depths:4 | Identified the ring "Xiocemadgh" {rF+ Str+7 Stlth+} (You found it on level 4 of the Depths)
 21375 | Depths:5 | Entered Level 5 of the Depths
 21443 | Depths:5 | Gained mutation: Your magical capacity is low (-10% MP). [mutagenic meat]
 21757 | Depths:5 | Reached skill level 15 in Fighting
 21827 | Depths:5 | Reached XP level 26. HP: 162/162 MP: 37/37
 21875 | Depths:5 | Found a gate to the Realm of Zot.
 21892 | Zot:1    | Entered Level 1 of the Realm of Zot
 22198 | Zot:2    | Noticed an orb of fire
 22424 | Zot:5    | Entered Level 5 of the Realm of Zot
 22472 | Zot:5    | Reached skill level 15 in Spellcasting
 22501 | Zot:5    | Noticed an ancient lich
 22505 | Zot:5    | Killed an ancient lich
 22541 | Zot:5    | Noticed an ancient lich
 22551 | Zot:5    | Killed an ancient lich
 22888 | Pan      | Entered Pandemonium
 22898 | Pan      | Reached XP level 27. HP: 168/168 MP: 28/37
 22930 | Pan      | Gained mutation: You are very frail (-20% HP). [a cacodemon]
 23236 | Pan      | Noticed Bilolaf the pandemonium lord
 23241 | Pan      | Killed Bilolaf the pandemonium lord
 23279 | Pan      | Found an exit through the horrors of the Abyss.
 23289 | Pan      | Got a demonic rune of Zot
 23291 | Pan      | demonic rune 41423 in pandemonium
 23309 | Pan      | Found an exit through the horrors of the Abyss.
 23342 | Pan      | i needed to get largeshield+2, and enchant it to 5, still it has no special stats
 23349 | Pan      | Noticed Mennas
 23357 | Pan      | Killed Mennas
 23396 | Pan      | Reached skill level 16 in Shields
 23410 | Pan      | YEAH! reflection on shield : )
 23521 | Pan      | Identified a scroll of acquirement
 23569 | Pan      | Got a transparent bone ring
 23571 | Pan      | Identified the ring "Myetiorgh" {MP+9 Int+4} (You found it in Pandemonium)
 23633 | Pan      | found daevas dungeon in pandemonium, maybe better shield?
 23768 | Pan      | Reached skill level 17 in Shields
 23784 | Pan      | Found a glowing silver altar of Zin.
 24246 | Pan      | Found a white marble altar of Elyvilon.
 24266 | Pan      | Reached skill level 18 in Shields
 25089 | Pan      | Noticed a seraph
 25107 | Pan      | Killed a seraph
 25111 | Pan      | Reached skill level 19 in Shields
 25165 | Pan      | Got a sparkling ivory ring
 25166 | Pan      | Identified the ring of Ofucism {+Fly rElec rN+ MP+9} (You took it off a seraph in Pandemonium)
 25213 | Pan      | Found a glowing golden altar of the Shining One.
 25421 | Depths:5 | Escaped Pandemonium
 25429 | Pan      | Entered Pandemonium
 25479 | Pan      | Found an exit through the horrors of the Abyss.
 25539 | Pan      | Found an exit through the horrors of the Abyss.
 25568 | Pan      | Noticed Sutruz the pandemonium lord
 25582 | Pan      | Killed Sutruz the pandemonium lord
 25726 | Pan      | Noticed Vietym the pandemonium lord
 25729 | Pan      | Killed Vietym the pandemonium lord
 25746 | Pan      | Found an exit through the horrors of the Abyss.
 25773 | Pan      | Noticed Rurag the pandemonium lord
 25777 | Pan      | Killed Rurag the pandemonium lord
 25786 | Pan      | Reached skill level 20 in Shields
 25997 | Pan      | Reached skill level 15 in Dodging
 26137 | Pan      | damn it, got pretty low, 100hp from hellion in one turn
 26460 | Pan      | Found an exit through the horrors of the Abyss.
 26472 | Pan      | Noticed Koicra the pandemonium lord
 26482 | Pan      | Killed Koicra the pandemonium lord
 26603 | Pan      | Noticed Xuos the pandemonium lord
 26606 | Pan      | Killed Xuos the pandemonium lord
 26741 | Pan      | Noticed Udiefu Miog the pandemonium lord
 26807 | Pan      | Killed Udiefu Miog the pandemonium lord
 26841 | Pan      | Reached skill level 21 in Shields
 26964 | Pan      | long time not getting rune in pandemonium
 26964 | Pan      | Found an exit through the horrors of the Abyss.
 27154 | Pan      | stupid hellion island, last time it killed me
 27320 | Pan      | Found an exit through the horrors of the Abyss.
 27467 | Pan      | Noticed Uwkauluu the pandemonium lord
 27472 | Pan      | Killed Uwkauluu the pandemonium lord
 27699 | Pan      | Found an exit through the horrors of the Abyss.
 27739 | Pan      | Found an exit through the horrors of the Abyss.
 27820 | Pan      | Found a runed door.
 27828 | Pan      | Found a runed door.
 27829 | Pan      | Found a runed door.
 27831 | Pan      | Noticed Ceq Wicurph the pandemonium lord
 27846 | Pan      | Killed Ceq Wicurph the pandemonium lord
 27851 | Pan      | Found a runed door.
 27882 | Pan      | Identified the Reference Book on the Ashen Frostbite (You found it in Pandemonium)
 27893 | Pan      | Entered the realm of Gloorx Vloq.
 27897 | Pan      | Found an exit through the horrors of the Abyss.
 27970 | Pan      | Noticed Gloorx Vloq
 27976 | Pan      | Killed Gloorx Vloq
 27983 | Pan      | Got a dark rune of Zot
 28013 | Pan      | ok. glorx killed
 28057 | Pan      | Reached skill level 22 in Shields
 28069 | Pan      | Entered the realm of Mnoleg.
 28154 | Pan      | Lost mutation: Your mind is acute. (Int +2) [potion of cure mutation]
 28154 | Pan      | Lost mutation: You heal very quickly. [potion of cure mutation]
 28154 | Pan      | Lost mutation: You are agile. (Dex +2) [potion of cure mutation]
 28154 | Pan      | Lost mutation: You are somewhat resistant to further mutation. [potion of cure mutation]
 28166 | Pan      | Gained mutation: You are partially covered in iridescent scales (AC +4). [mutagenic meat]
 28167 | Pan      | Gained mutation: You are weak. (Str -2) [mutagenic meat]
 28174 | Pan      | Noticed Mnoleg
 28179 | Pan      | Killed Mnoleg
 28181 | Pan      | Gained mutation: Your spells are a little easier to cast, but a little less powerful. [mutagenic meat]
 28186 | Pan      | Lost mutation: Your magical capacity is low (-10% MP). [mutagenic meat]
 28191 | Pan      | Gained mutation: You are resistant to electric shocks. [mutagenic meat]
 28208 | Pan      | Reached skill level 15 in Summonings
 28227 | Pan      | Gained mutation: Scrolls take you a little longer to read. [a cacodemon]
 28294 | Pan      | Gained mutation: Scrolls take you longer to read. [a cacodemon]
 28302 | Pan      | Got a glowing rune of Zot
 28324 | Pan      | Gained mutation: You expend magic power (3 MP) to strengthen your wands. [a neqoxec]
 28349 | Pan      | Gained mutation: Your magical capacity is low (-10% MP). [a neqoxec]
 28373 | Pan      | Found an exit through the horrors of the Abyss.
 28435 | Pan      | Gained mutation: Your body sometimes deteriorates upon taking damage. [a cacodemon]
 28437 | Pan      | Gained mutation: Your spells are easier to cast, but less powerful. [a cacodemon]
 28442 | Pan      | Lost mutation: Your body sometimes deteriorates upon taking damage. [potion of cure mutation]
 28442 | Pan      | Lost mutation: You are very frail (-20% HP). [potion of cure mutation]
 28442 | Pan      | Lost mutation: You expend magic power (3 MP) to strengthen your wands. [potion of cure mutation]
 28442 | Pan      | Lost mutation: You are weak. (Str -2) [potion of cure mutation]
 28442 | Pan      | Lost mutation: Your magical capacity is low (-10% MP). [potion of cure mutation]
 28451 | Pan      | Gained mutation: You are very frail (-20% HP). [a cacodemon]
 28451 | Pan      | Gained mutation: You expend magic power (3 MP) to strengthen your wands. [a cacodemon]
 28454 | Pan      | Gained mutation: Scrolls take you much longer to read. [a cacodemon]
 28455 | Pan      | Gained mutation: You occasionally shout uncontrollably at your foes. [a cacodemon]
 28580 | Pan      | Entered the realm of Lom Lobon.
 28660 | Pan      | Noticed Lom Lobon
 28687 | Pan      | Killed Lom Lobon
 28790 | Pan      | Got a magical rune of Zot
 29024 | Pan      | Noticed Ykugg the pandemonium lord
 29031 | Pan      | Killed Ykugg the pandemonium lord
 29055 | Pan      | Gained mutation: Your body sometimes deteriorates upon taking damage. [a neqoxec]
 29090 | Pan      | Noticed Fisauceu the pandemonium lord
 29197 | Pan      | Cast into level 5 of the Abyss (Fisauceu)
 29197 | Abyss:5  | Entered Level 5 of the Abyss
 29205 | Pan      | Escaped the Abyss
 29210 | Pan      | Killed Fisauceu the pandemonium lord
 29240 | Pan      | Entered the realm of Cerebov.
 29257 | Pan      | Reached skill level 23 in Shields
 29285 | Pan      | Noticed Cerebov
 29311 | Pan      | Killed Cerebov
 29438 | Pan      | Got a transparent iron ring
 29440 | Pan      | Identified the ring of the Fifty Lives {MP+9 Str+2} (You found it in Pandemonium)
 29475 | Pan      | Identified the Grimoire of Conjuration
 29480 | Pan      | Identified the Tome of the Illusory Planets
 29523 | Pan      | Got a fiery rune of Zot
 29546 | Pan      | Lost mutation: Your body sometimes deteriorates upon taking damage. [potion of mutation]
 29609 | Pan      | Identified a +2 rod of ignition (10/10) (You found it in Pandemonium)
 29660 | Pan      | Noticed Qupegal the pandemonium lord
 29829 | Pan      | Found an exit through the horrors of the Abyss.
 29836 | Pan      | Took an exit into the Abyss.
 29836 | Abyss:1  | Escaped into the Abyss
 29859 | Abyss:1  | Got a scorched wooden ring
 29863 | Abyss:1  | Identified the ring of the Coward {rN+ MR+ Slay+3} (You found it on level 1 of the Abyss)
 29891 | Abyss:2  | Found a corrupted altar of Lugonu.
 29898 | Abyss:2  | Found a corrupted altar of Lugonu.
 30023 | Depths:5 | Escaped the Abyss
 30248 | D:11     | Learned a level 4 spell: Control Undead
 30446 | Hell     | Found a gateway to the ashen valley of Gehenna.
 30466 | Geh:1    | Entered Level 1 of Gehenna
 30481 | Geh:1    | Reached skill level 15 in Transmutations
 30766 | Geh:7    | Entered Level 7 of Gehenna
 31071 | Geh:7    | Reached skill level 24 in Shields
 31420 | Geh:7    | Noticed Asmodeus
 31429 | Geh:7    | Banished Asmodeus
 31445 | Geh:7    | Got an obsidian rune of Zot
 31511 | Hell     | Found a gateway to the decaying netherworld of Tartarus.
 31524 | Tar:1    | Entered Level 1 of Tartarus
 31856 | Tar:7    | Entered Level 7 of Tartarus
 31968 | Tar:7    | Noticed the Serpent of Hell
 31975 | Tar:7    | Killed the Serpent of Hell
 32028 | Tar:7    | Noticed an ancient lich
 32098 | Tar:7    | Noticed Ereshkigal
 32115 | Tar:7    | Killed Ereshkigal
 32119 | Tar:7    | Got a bone rune of Zot
 32193 | Hell     | Found a gateway to the freezing wastes of Cocytus.
 32206 | Coc:1    | Entered Level 1 of Cocytus
 32409 | Coc:3    | Reached skill level 25 in Shields
 32719 | Coc:7    | Entered Level 7 of Cocytus
 32754 | Coc:7    | Reached skill level 5 in Necromancy
 32778 | Coc:7    | Noticed Antaeus
 32782 | Coc:7    | Got an icy rune of Zot
 32807 | Coc:7    | Identified the Papyrus of Attacks and Dislocation
 33097 | Hell     | Found a gateway to the Iron City of Dis.
 33106 | Dis:1    | Entered Level 1 of the Iron City of Dis
 33948 | Dis:5    | You fall through a shaft!
 34047 | Dis:7    | Entered Level 7 of the Iron City of Dis
 34302 | Dis:7    | Reached skill level 26 in Shields
 34391 | Dis:7    | Noticed Dispater
 34410 | Dis:7    | Killed Dispater
 34456 | Dis:7    | Identified Wooclym's Guide on Snow and the Birds (You found it on level 7 of the Iron City of Dis)
 34465 | Dis:7    | Got an iron rune of Zot
 34473 | Dis:7    | Got a sparkling lead amulet
 34920 | Tomb:1   | Entered Level 1 of the Tomb of the Ancients
 35027 | Tomb:1   | Noticed a greater mummy
 35031 | Tomb:1   | Killed a greater mummy
 35071 | Tomb:1   | Noticed an ancient lich
 35075 | Tomb:1   | Killed an ancient lich
 35139 | Tomb:2   | Noticed a greater mummy
 35140 | Tomb:2   | Noticed a greater mummy
 35142 | Tomb:2   | Noticed a greater mummy
 35142 | Tomb:2   | Noticed a greater mummy
 35151 | Tomb:2   | Killed a greater mummy
 35152 | Tomb:2   | Killed a greater mummy
 35153 | Tomb:2   | Killed a greater mummy
 35156 | Tomb:2   | Killed a greater mummy
 35381 | Tomb:1   | Noticed a greater mummy
 35384 | Tomb:1   | Killed a greater mummy
 35387 | Tomb:1   | Noticed a greater mummy
 35390 | Tomb:1   | Noticed a greater mummy
 35390 | Tomb:1   | Killed a greater mummy
 35396 | Tomb:1   | Killed a greater mummy
 35424 | Tomb:1   | Noticed a greater mummy
 35427 | Tomb:1   | Killed a greater mummy
 35462 | Tomb:1   | Noticed a greater mummy
 35471 | Tomb:1   | Noticed a greater mummy
 35474 | Tomb:1   | Noticed a greater mummy
 35476 | Tomb:1   | Noticed a greater mummy
 35476 | Tomb:1   | Killed a greater mummy
 35481 | Tomb:1   | Noticed a greater mummy
 35483 | Tomb:1   | Noticed a greater mummy
 35487 | Tomb:1   | Noticed a greater mummy
 35626 | Tomb:1   | Killed a greater mummy
 35658 | Tomb:1   | Noticed a greater mummy
 35661 | Tomb:1   | Killed a greater mummy
 35664 | Tomb:1   | Killed a greater mummy
 35680 | Tomb:1   | Killed a greater mummy
 35710 | Tomb:1   | Noticed a greater mummy
 35715 | Tomb:1   | Killed a greater mummy
 35717 | Tomb:1   | Killed a greater mummy
 35722 | Tomb:1   | Noticed a greater mummy
 35732 | Tomb:1   | first time so hard tomb...
 35847 | Tomb:1   | Killed a greater mummy
 35892 | Tomb:1   | Killed a greater mummy
 35937 | Tomb:1   | Noticed a greater mummy
 35940 | Tomb:1   | Killed a greater mummy
 35953 | Tomb:1   | Killed a greater mummy
 35958 | Tomb:1   | Noticed a greater mummy
 35961 | Tomb:1   | Noticed a greater mummy
 35962 | Tomb:1   | Killed a greater mummy
 35965 | Tomb:1   | Killed a greater mummy
 36049 | Tomb:3   | Entered Level 3 of the Tomb of the Ancients
 36064 | Tomb:3   | Noticed a greater mummy
 36064 | Tomb:3   | Noticed a greater mummy
 36071 | Tomb:3   | Killed a greater mummy
 36137 | Tomb:3   | Got a wavering lapis lazuli ring
 36139 | Tomb:3   | Got a transparent jade ring
 36146 | Tomb:3   | Identified Sif Muna's Catalogue of Boosting Venom (You found it on level 3 of the Tomb of the Ancients)
 36191 | Tomb:3   | Killed a greater mummy
 36194 | Tomb:3   | Noticed a greater mummy
 36195 | Tomb:3   | Noticed a greater mummy
 36200 | Tomb:3   | Killed a greater mummy
 36252 | Tomb:3   | Noticed a greater mummy
 36257 | Tomb:3   | Killed a greater mummy
 36265 | Tomb:3   | Killed a greater mummy
 36282 | Tomb:3   | Noticed a greater mummy
 36285 | Tomb:3   | Noticed a greater mummy
 36291 | Tomb:3   | Killed a greater mummy
 36299 | Tomb:3   | Killed a greater mummy
 36317 | Tomb:3   | Noticed a greater mummy
 36317 | Tomb:3   | Noticed a greater mummy
 36322 | Tomb:3   | Killed a greater mummy
 36324 | Tomb:3   | Killed a greater mummy
 36343 | Tomb:3   | Got a golden rune of Zot
 36379 | Tomb:3   | Identified the amulet of Kil Kur {Reflect Int+8 SH+3} (You found it on level 7 of the Iron City of Dis)
 36656 | Crypt:3  | yet another win, this one is fastest i think
 36718 | Crypt:1  | Noticed Khufu
 36725 | Crypt:1  | Noticed a greater mummy
 36731 | Crypt:1  | Killed Khufu
 36732 | Crypt:1  | Killed a greater mummy
 37414 | Zot:5    | Noticed an orb of fire
 37423 | Zot:5    | Killed an orb of fire
 37424 | Zot:5    | Noticed an orb of fire
 37424 | Zot:5    | Gained mutation: You are dopey. (Int -2) [an orb of fire]
 37427 | Zot:5    | Killed an orb of fire
 37430 | Zot:5    | Noticed an ancient lich
 37431 | Zot:5    | Noticed an orb of fire
 37434 | Zot:5    | Gained mutation: You are clumsy. (Dex -2) [an orb of fire]
 37435 | Zot:5    | Gained mutation: You sometimes yell uncontrollably at your foes. [an orb of fire]
 37438 | Zot:5    | Killed an ancient lich
 37442 | Zot:5    | Killed an orb of fire
 37443 | Zot:5    | Noticed an orb of fire
 37443 | Zot:5    | Gained mutation: You frequently scream uncontrollably at your foes. [an orb of fire]
 37445 | Zot:5    | Killed an orb of fire
 37473 | Zot:5    | Noticed an orb of fire
 37480 | Zot:5    | Killed an orb of fire
 37488 | Zot:5    | Got the Orb of Zot
 37527 | Zot:5    | Noticed an orb of fire
 37528 | Zot:5    | Noticed an orb of fire
 37533 | Zot:5    | Gained mutation: You are extremely frail (-30% HP). [an orb of fire]
 37535 | Zot:5    | Killed an orb of fire
 37538 | Zot:5    | Gained mutation: You are very clumsy. (Dex -4) [an orb of fire]
 37542 | Zot:5    | Killed an orb of fire
 37557 | Zot:5    | Lost mutation: You expend magic power (3 MP) to strengthen your wands. [mutagenic meat]
 37558 | Zot:5    | Lost mutation: Scrolls take you much longer to read. [mutagenic meat]
 37762 | Depths:2 | Noticed Iheutest the pandemonium lord
 37770 | Depths:2 | Gained mutation: You are weak. (Str -2) [a neqoxec]
 37772 | Depths:2 | Killed Iheutest the pandemonium lord
 37916 | D:10     | Noticed Odopodag the pandemonium lord
 37917 | D:10     | Killed Odopodag the pandemonium lord
 37937 | D:10     | Noticed Psyche
 37938 | D:10     | Killed Psyche
 38084 | D:4      | Found Zoitunes's Assorted Antiques.
 38151 | D:1      | best win ever in my highscore?
 38152 | D:$      | Escaped with the Orb!

Vault maps used:
D:1:      minmay_arrival_plants_in_alcoves, serial_park_tiny_2
D:2:      fedhas_altar_3, uniq_natasha
D:3:      lemuel_doored_altar, kennysheep_slug_shrine,
          nicolae_qazlal_eye_of_the_storm
D:4:      minmay_temple_entry_purple_smoke, first_bread, serial_shops,
          nicolae_shop_statue_plus
D:5:      grunt_temple_overflow_champion_of_chaos, gup_sewer_entry_bowl,
          nicolae_ossuary_entry_catacombs
D:6:      corexii_shantytown, grunt_gozag_statues, uniq_blork_the_orc,
          uniq_grinder
D:7:      nicolae_overflow_hidden_temple, kennysheep_little_box,
          uniq_prince_ribbit1, uniq_joseph
D:8:      serial_shops, nicolae_shop_window_shopping, basic_altar, uniq_erica
D:9:      tso_metal_star, erik_orc_2, serial_shops, shop, serial_glass,
          glass_columns_b, glass_columns_b, uniq_grum
D:10:     kennysheep_path_1, david_nohive_1, uniq_psyche
D:11:     minmay_lair_entry_lava, basic_altar
D:12:     serial_shops, nicolae_shop_stone
D:13:     minmay_weird_star, uniq_erolcha, uniq_maurice
D:14:     david_vaults_1, infiniplex_staircase_split_hallway
D:15:     grunt_enter_depths_magical_seal, serial_park_square2,
          grunt_ministairs_5, makhleb_altar_promises_db
Lair:1:   basic_altar, wad_woods_02
Lair:2:   statuecave_lemuel, st_stairs_11, infiniplex_staircase_pool_2,
          grunt_megastairs_5
Lair:3:   nicolae_lair_grove_arrangements, small_statue_intersection,
          roderic_carrion_pond, uniq_harold
Lair:4:   lemuel_slime, portal_ice_cave_entry_imps, serial_bayou_shore_b,
          serial_bayou_shore_a, uniq_sonja
Lair:5:   minmay_swamp_entry_worms, lab_entry_generic
Lair:6:   kennysheep_rathole, nicolae_spider_entry_tight_spaces
Lair:8:   hangedman_lair_caniforms_friends, guppyfry_lair_end_dragon,
          slime_altar_2, serial_bayou_shore_b, uniq_snorg
Swamp:1:  basic_altar, swamp_pool2
Swamp:2:  nicolae_swamp_trees_clearing
Swamp:3:  nicolae_swamp_triple_paths, uniq_kirke
Swamp:4:  swamp_pestilence, swamp_pool1
Spider:1: uniq_agnes
Spider:4: grunt_spider_rune_island, nicolae_spider_webbed_stairs
Orc:1:    serial_shops, shop, basic_altar
Orc:2:    pf_orc_diabolical, serial_shops, shop, lightli_church_of_beogh
Elf:1:    minmay_elf_arrival_plus, serial_shops, shop, minmay_elf_annihilation,
          guppyfry_library_mini, uniq_louise
Elf:2:    nrook_loot_triangle, minivault_11
Elf:3:    elf_hall, serial_shops, shop, nicolae_elf_v_pinch
Vaults:1: v_misc_11, st_cross, nicolae_vaults_puzzle_piece,
          nicolae_vaults_arrows, grunt_vaults_swirl, nicolae_vaults_alarming,
          ontoclasm_vaults_chip, grunt_vaults_hallway_short,
          vaults_room_ringed_pool, ontoclasm_vaults_hangar,
          vaults_room_semicircle, v_misc_13, ontoclasm_vaults_idyll
Vaults:2: nicolae_vaults_border_crossing, nicolae_vaults_little_squares_5,
          grunt_vaults_bifocal, vaults_standard_mumra_x,
          dpeg_vaults_monster_row, v_misc_23, v_alt_pattern_4,
          vaults_room_fours, v_misc_5, nicolae_vaults_puzzle_piece,
          ontoclasm_vaults_shuriken, v_misc_25, grunt_vaults_hallway_long,
          ontoclasm_vaults_gateway, serial_shops, shop, shop,
          nicolae_shop_waterfront, nicolae_shop_behind_doors
Vaults:3: vaults_mumra_lcd, grunt_vaults_focal, hangedman_vaults_locks,
          vaults_dpeg_diagonal, minmay_crypt_entry_simple_walls, v_misc_19,
          vaults_dpeg_encased_lava
Vaults:4: v_misc_33, vaults_room_octagon, v_misc_28, hangedman_vaults_impose,
          v_misc_23, vaults_room_hallway, hangedman_vaults_hat, uniq_xtahua
Crypt:1:  lemuel_upstairs_altar, grunt_ministairs_4, uniq_khufu
Crypt:3:  lightli_unholy_cathedral
Tomb:1:   uniq_mennas
Depths:1: minmay_misc_feat_more_columns, pf_hell_entry_tar_spiral,
          nicolae_trove_entry_path_of_doom, minmay_misc_feat_rows,
          guppyfry_shop_blood, grunt_megastairs_1, serial_bayou_shore_b
Depths:2: minmay_diamond_stairs, enter_ziggurat_b, infiniplex_staircase_river,
          pf_vacation_house_of_asmodeus, uniq_nikola, uniq_wiglaf, uniq_sojobo
Depths:3: minmay_tri_stars, serial_sigils_hangedman_scar,
          grunt_pan_entry_sceptre, hell_entry, abyss_entry, uniq_asterion
Depths:4: box_level_dp, abyss_entry, pan_entry, hell_entry, uniq_enchantress,
          uniq_margery
Depths:5: grunt_zot_entry_gee_three, pan_entry, pf_coc_iceberg, spider_trap,
          basic_stair_grate_trap
Dis:1:    hangedman_dis_decor_blocks_mantle
Dis:3:    hangedman_dis_decor_tower
Dis:6:    grunt_dis_stairs_iron_hall
Dis:7:    iron_city_of_dis
Geh:7:    geh_grunt
Coc:7:    coc_mu
Tar:2:    nicolae_tar_cuneiform_heaven, grunt_tartarus_stairs_gauntlet_trap,
          grunt_megastairs_2
Tar:4:    nicolae_tar_cuneiform_two, lemuel_nasty_fountain
Tar:7:    tar_grunt_ereshkigal, tar_grunt_big_loot, tar_grunt_small_loot,
          tar_grunt_small_loot, tar_grunt_small_loot, tar_grunt_decor_6,
          tar_grunt_decor_circle_5, tar_grunt_small_decor_pillar,
          tar_grunt_decor_cross_diag, tar_grunt_decor_3,
          tar_grunt_small_decor_pillar, tar_grunt_small_decor_pillar,
          tar_grunt_small_decor_pillar, nicolae_tar_cuneiform_oil,
          tar_grunt_decor_4, tar_grunt_decor_8, tar_grunt_decor_4,
          tar_grunt_small_decor_pillar, tar_grunt_small_decor_pillar,
          tar_grunt_decor_6
Zot:1:    hangedman_zot_decor_scrapings, st_small_dragon_hoard_1
Zot:3:    lemuel_elevator
Zot:4:    grunt_megastairs_3
Abyss:2:  patterned_corridor
Abyss:3:  evilmike_abyss_exit_11, hangedman_eye_storm, due_abyss_rune
Abyss:5:  guppyfry_abyss_exit_spiral_guarded, hangedman_abyss_exit_choices
Pan:      evilmike_mini_pan_corner, pan_blood_fountain_2,
          pan_blood_fountain_small, evilmike_mini_pan_T,
          nicolae_pan_lom_lobonic_4, rand_demon_8, pan_blood_fountain_2,
          nicolae_pan_strange_glyphs, rand_demon_4, uniq_mennas_pan,
          evilmike_mini_pan_layers, pan_blood_fountain_small, evilmike_holy_pan,
          rand_demon_5, pan_blood_fountain_2, evilmike_mini_pan_corridor,
          nicolae_pan_cerebovesque_1, evilmike_mini_pan_T,
          pan_blood_fountain_small, nicolae_pan_giant_door,
          nicolae_pan_mnolegish_3, evilmike_mini_pan_corridor,
          evilmike_mini_pan_pillars_b, evilmike_mini_pan_doors_b,
          pan_blood_fountain_small, nicolae_pan_strange_glyphs,
          nicolae_pan_glass_arcs, evilmike_mini_pan_possible_glass,
          evilmike_mini_pan_possible_glass, pan_blood_fountain_small,
          rand_demon_3, grunt_pan_frozen_over, grunt_pan_zigzag, rand_demon_7,
          nicolae_pan_mnolegish_1, lemuel_hellion_island, pan_blood_fountain_2,
          evilmike_mini_pan_branches, rand_demon_5, evilmike_mini_pan_corner,
          evilmike_mini_pan_diamond, evilmike_mini_pan_other_thingy,
          pan_blood_fountain, nicolae_pan_giant_door, rand_demon_9,
          pan_blood_fountain_2, pan_blood_fountain_small, rand_demon_7,
          pan_blood_fountain_small, reaverb_pan_chaos_star, gloorx_vloq,
          rand_demon_5, mnoleg_grunt, lom_lobon_st, pan_blood_fountain_small,
          rand_demon_8, pan_blood_fountain_small, grunt_pan_sceptre,
          cerebov_grunt, pan_blood_fountain, evilmike_mini_pan_pillars,
          pan_blood_fountain_small, nicolae_pan_glass_arcs, grunt_pan_zigzag,
          nicolae_pan_diamonds, pan_blood_fountain_2
Lab:      labyrinth_spiral, nicolae_lab_swirl, labyrinth_skeletal_remains,
          nicolae_lab_big_swirl, nicolae_lab_quarters, labyrinth_glass_1
Ossuary:  ossuary_tomb_2
IceCv:    ice_cave_small_demon

Skill      XL: |  1  2  3  4  5  6  7  8  9 10 11 12 13 14 15 16 17 18 19 20 21 22 23 24 25 26 27 |
---------------+----------------------------------------------------------------------------------+-----
Unarmed Combat | 1 2 3 4 5 6 7 9 11 12 13 14 15 16 17 18 25 | 25.5
Fighting       | 1 2 3 4 5 7 8 9 10 11 12 14 15 23 | 23.6
Dodging        | 3 4 5 6 7 8 9 10 11 12 13 14 22 | 22.2
Transmutations | 3 5 9 10 16 | 16.7
Spellcasting   | 3 5 6 7 8 9 10 11 12 13 14 15 | 15.1
Invocations    | 4 6 |  6.4
Stealth        | 4 8 9 |  9.2
Shields        | 5 7 10 12 14 15 26 | 26.2
Summonings     | 3 5 6 8 10 12 21 | 21.2
Earth Magic    | 6 9 |  9.2
Translocations | 3 6 7 8 9 10 12 14 15 16 18 20 | 20.0
Charms         | 6 8 10 11 12 | 12.3
Air Magic      | 6 9 10 12 13 | 13.7
Necromancy     | 8 |  8.9

Action                   |  1- 3 |  4- 6 |  7- 9 | 10-12 | 13-15 | 16-18 | 19-21 | 22-24 | 25-27 || total
-------------------------+-------+-------+-------+-------+-------+-------+-------+-------+-------++-------
Melee: Unarmed           |    44 |    47 |   320 |   269 |   722 |   450 |   518 |   629 |  3716 ||  6715
       Constrict         |     9 |    12 |    86 |    43 |   142 |    78 |    60 |    52 |   587 ||  1069
       Tentacles         |     6 |    18 |   102 |    94 |   219 |   134 |   157 |   173 |   923 ||  1826
       Punch             |       |     3 |    37 |    38 |   128 |    88 |   104 |   117 |   768 ||  1283
       Kick              |       |       |    44 |       |     3 |       |       |       |       ||    47
       Peck              |       |       |       |       |       |       |       |    96 |  1095 ||  1191
 Fire: Hunting sling     |       |       |    16 |     2 |       |       |       |       |       ||    18
 Cast: Pain              |    28 |    12 |     1 |       |       |       |       |       |       ||    41
       Animate Skeleton  |     7 |     5 |    15 |    16 |     3 |       |       |       |       ||    46
       Regeneration      |     1 |    10 |    28 |    18 |    60 |    21 |    18 |    28 |   184 ||   368
       Mephitic Cloud    |       |       |     6 |    16 |     5 |       |       |       |       ||    27
       Beastly Appendage |       |       |    10 |       |     2 |       |       |       |       ||    12
       Sticks to Snakes  |       |       |     2 |     3 |     9 |       |       |       |       ||    14
       Blade Hands       |       |       |     1 |    34 |    59 |       |       |       |       ||    94
       Animate Dead      |       |       |       |     2 |    27 |     4 |     7 |       |    14 ||    54
       Summon Lightning  |       |       |       |       |     3 |     3 |       |     6 |    46 ||    58
       Statue Form       |       |       |       |       |     5 |    34 |    31 |    42 |   294 ||   406
       Summon Forest     |       |       |       |       |     1 |       |       |     4 |    28 ||    33
       Repel Missiles    |       |       |       |       |       |     1 |     1 |       |       ||     2
       Deflect Missiles  |       |       |       |       |       |       |       |     3 |     1 ||     4
       Apportation       |       |       |       |       |       |       |       |     4 |    27 ||    31
       Controlled Blink  |       |       |       |       |       |       |       |     1 |    10 ||    11
       Control Undead    |       |       |       |       |       |       |       |       |    10 ||    10
       Malign Gateway    |       |       |       |       |       |       |       |       |     9 ||     9
Invok: Temporal Distorti |       |       |       |     4 |    10 |       |       |     4 |       ||    18
       Slouch            |       |       |       |     1 |    11 |    14 |     9 |    27 |    76 ||   138
       Step From Time    |       |       |       |       |       |       |       |     1 |       ||     1
 Abil: End Transformatio |       |       |       |       |     1 |       |     1 |       |       ||     2
       Evoke Blink       |       |       |       |       |       |       |       |       |     1 ||     1
Evoke: Wand              |       |       |       |       |     4 |     1 |       |     8 |    40 ||    53
       Stone of tremors  |       |       |       |       |     1 |       |       |       |     1 ||     2
       Sack of spiders   |       |       |       |       |       |       |       |     2 |     1 ||     3
       Deck              |       |       |       |       |       |       |       |     2 |       ||     2
       Fan of gales      |       |       |       |       |       |       |       |     1 |       ||     1
       Phial of floods   |       |       |       |       |       |       |       |     1 |       ||     1
       Box of beasts     |       |       |       |       |       |       |       |       |    11 ||    11
  Use: Potion            |     3 |     4 |     4 |     5 |    14 |     2 |     8 |     9 |    18 ||    67
       Scroll            |       |     3 |    10 |     9 |    20 |     8 |    11 |    16 |    41 ||   118
 Stab: Sleeping          |     2 |     1 |    31 |    12 |    22 |    11 |     5 |    11 |    36 ||   131
       Confused          |       |       |     8 |     4 |     1 |       |       |       |     5 ||    18
       Distracted        |       |       |       |     4 |    10 |     6 |     2 |     8 |    33 ||    63
       Invisible         |       |       |       |     1 |       |       |       |       |       ||     1
       Held in net/web   |       |       |       |       |       |       |       |     1 |       ||     1
  Eat: Pizza             |       |     1 |       |       |     3 |       |       |       |     1 ||     5
       Chunk             |       |       |     9 |    15 |    29 |    16 |    18 |    17 |    48 ||   152
       Royal jelly       |       |       |       |       |     1 |     1 |       |       |     5 ||     7
       Fruit             |       |       |       |       |     9 |    14 |       |     5 |       ||    28
       Meat ration       |       |       |       |       |     1 |       |     3 |     4 |     3 ||    11
       Bread ration      |       |       |       |       |       |       |       |       |    14 ||    14
       Beef jerky        |       |       |       |       |       |       |       |       |     2 ||     2
Armor: Skin              |     4 |     3 |     8 |    26 |    65 |   229 |   230 |   306 |   783 ||  1654
Dodge: Dodged            |    22 |    30 |   157 |   210 |   778 |   838 |   835 |  1220 |  4140 ||  8230
       Deflected         |       |       |       |       |       |     3 |    15 |    23 |    15 ||    56
Block: Buckler           |       |       |       |       |   129 |   343 |   428 |   752 |   437 ||  2089
       Reflection        |       |       |       |       |       |    21 |    48 |    52 |   186 ||   307
       Large shield      |       |       |       |       |       |       |       |       |  7033 ||  7033
